 Dungeon Crawl Stone Soup version 0.29.0-4-gdea44cf6ec (webtiles) character file.

Game seed: 5662399496088299223

74 qw the Chopper (level 4, -7/26 HPs)
             Began as a Tengu Warper on Aug 28, 2022.
             Mangled by a gnoll
             ... wielding a +0 flail
              (10 damage)
             ... on level 3 of the Dungeon.
             The game lasted 00:00:13 (2532 turns).

qw the Chopper (Tengu Warper)                       Turns: 2532, Time: 00:00:14

Health: -7/26      AC:  6    Str: 12 (14) XL:     4   Next: 28%
Magic:  8/8        EV: 10    Int: 10 (13) God:
Gold:   102        SH:  5    Dex: 10 (13) Spells: 7/7 levels left

rFire   + . .      SeeInvis .   Y - +0 hand axe
rCold   . . .      Faith    .   (no shield)
rNeg    . . .      Spirit   .   e - +0 ring mail
rPois   .          Reflect  +   (helmet restricted)
rElec   .          Harm     .   h - +0 cloak
rCorr   .          Rampage  .   (no gloves)
Will    .....                   (boots unavailable)
Stlth   ..........              b - amulet "Jyrytrom" {Reflect rF+ SH+5}
HPRegen 0.08/turn               (no ring)
MPRegen 0.11/turn               (no ring)

@: no status effects
A: beak, talons 3
a: no special abilities


You were on level 3 of the Dungeon.
You visited 1 branch of the dungeon, and saw 3 of its levels.

You collected 102 gold pieces.


Innate Abilities, Weirdness & Mutations

You have a beak for a mouth.
You have claws for feet.


   Skills:
 - Level 2.0 Fighting
 + Level 4.9 Axes
 - Level 1.0 Throwing
 - Level 1.1 Armour
 - Level 2.1 Dodging
 - Level 2.0 Spellcasting
 - Level 2.4 Translocations


You had 7 spell levels left.
You didn't know any spells.
Your spell library contained the following spells:

 Spells                   Type           Power      Damage    Failure   Level
 Blink                    Tloc           10%        N/A       38%         2
 Gell's Gravitas          Tloc           5%         N/A       63%         3
 Lesser Beckoning         Tloc           5%         N/A       63%         3
 Teleport Other           Tloc           5%         N/A       63%         3
 Manifold Assault         Tloc           5%         N/A       100%        5

Inventory:

Hand Weapons
 i - a +0 flail
 Y - a +0 hand axe (weapon)
Armour
 e - a +0 ring mail (worn)
 h - a +0 cloak (worn)
Jewellery
 b - the amulet "Jyrytrom" (around neck) {Reflect rF+ SH+5}
   (You acquired it on level 2 of the Dungeon)

   [amulet of reflection]

   It reflects blocked missile attacks.
   rF:        It protects you from fire.
   SH:        It affects your SH (+5).
Scrolls
 a - a scroll of identify
Potions
 d - a potion of curing
 f - a potion of mutation
 j - a potion of lignification {unknown}

Dungeon Overview and Level Annotations

Branches:
Dungeon (3/15)

Altars:

Annotations:
D:3 Ijyb


Message History

You hit Ijyb but do no damage. You barely miss the kobold.
The gnoll closely misses you. The gnoll barely misses you.
Ijyb hits you but does no damage. The kobold hits you but does no damage.
You barely miss the gnoll. You claw the gnoll.
You kill the gnoll!
You barely miss Ijyb. You hit the gnoll but do no damage.
You barely miss the kobold.
The gnoll hits you but does no damage. x2
The kobold hits you but does no damage. Ijyb barely misses you.
You hit Ijyb but do no damage. Your peck misses Ijyb.
You barely miss the gnoll. You barely miss the kobold.
The gnoll hits you with a +0 flail. The kobold closely misses you.
You block the gnoll's attack. Ijyb barely misses you.
You hit Ijyb but do no damage. You claw Ijyb, but do no damage.
You hit the gnoll but do no damage. You hit the kobold.
The gnoll closely misses you. The gnoll hits you with a +0 flail.
The kobold hits you but does no damage. Ijyb closely misses you.
Ijyb hits you with a +0 club.
A hobgoblin comes into view.
You block the kobold's attack. The gnoll barely misses you.
The gnoll hits you from afar with a +0 spear.
The hobgoblin shouts!
You slash the kobold!
You kill the kobold!
You hit Ijyb but do no damage. You hit the gnoll. Ijyb closely misses you.
The gnoll closely misses you. x2
You barely miss the gnoll. You claw the gnoll.
The gnoll is severely wounded.
You hit the frilled lizard.
You kill the frilled lizard!
You hit Ijyb but do no damage. You block Ijyb's attack.
The gnoll hits you from afar with a +0 spear!
The gnoll barely misses you.
You hit the gnoll. Your kick misses the gnoll.
The gnoll is severely wounded.
You completely miss Ijyb. The gnoll hits you but does no damage.
Ijyb closely misses you. The gnoll hits you with a +0 flail!
You die...

........#...
...........
........#.#
.......#.#
#.......###.#
#............
#...))g.#..#
#....@)g..#..
#....g...g...
###.#..#.##..
#..#.## # #.
..# .. ... #.
.### #. . ..


You could see Ijyb, 2 gnolls and a hobgoblin.

Vanquished Creatures
  A gnoll (D:3)
  An adder (D:2)
  A worm (D:2)
  4 bats (D:1)
  6 endoplasms
  A giant cockroach (D:1)
  4 goblins
  3 hobgoblins
  4 kobolds
  7 quokkas
  8 ball pythons
  4 frilled lizards
  5 rats
49 creatures vanquished.

Notes
Turn   | Place    | Note
-------+----------+-------------------------------------------
     0 | D:1      | qw the Tengu Warper began the quest for the Orb.
     0 | D:1      | Reached XP level 1. HP: 12/12 MP: 4/4
     0 | D:1      | 0 ||| qw: Version: 0.1-a-89-g26bdef1
     0 | D:1      | 0 ||| qw: Game counter: 2434
     0 | D:1      | 0 ||| qw: Always use a shield: true
     0 | D:1      | 0 ||| qw: God list: Okawaru
     0 | D:1      | 0 ||| qw: Allow faded altars: false
     0 | D:1      | 0 ||| qw: Do Orc after D:15 true
     0 | D:1      | 0 ||| qw: Do second Lair branch before Depths: true
     0 | D:1      | 0 ||| qw: Lair rune preference: random
     0 | D:1      | 0 ||| qw: Plans: Normal
     0 | D:1      | 0 ||| PLANNING D:1-11
    94 | D:1      | 94 ||| Stepping ~*~*~tactically~*~*~ (stealth).
    96 | D:1      | 96 ||| Stepping ~*~*~tactically~*~*~ (stealth).
   128 | D:1      | 128 ||| Stepping ~*~*~tactically~*~*~ (stealth).
   139 | D:1      | Reached skill level 3 in Axes
   139 | D:1      | Reached XP level 2. HP: 6/17 MP: 6/6
   229 | D:1      | HP: 3/17 [frozen (3)]
   514 | D:1      | 514 ||| Stepping ~*~*~tactically~*~*~ (stealth).
   516 | D:1      | 516 ||| Stepping ~*~*~tactically~*~*~ (stealth).
   522 | D:1      | 522 ||| Stepping ~*~*~tactically~*~*~ (stealth).
   523 | D:1      | 523 ||| Stepping ~*~*~tactically~*~*~ (stealth).
   835 | D:1      | 835 ||| Stepping ~*~*~tactically~*~*~ (stealth).
   844 | D:1      | Reached XP level 3. HP: 7/21 MP: 7/7
  1295 | D:1      | Reached skill level 4 in Axes
  1311 | D:1      | Found a faded altar of an unknown god.
  1523 | D:1      | 1523 ||| UPGRADING to +0 cloak.
  1528 | D:1      | 1528 ||| READING 3 scrolls labelled PONEFAM QANT.
  1529 | D:1      | 1529 ||| READING scroll labelled XUEVAU NIOPLUXIWK.
  1530 | D:1      | 1530 ||| READING 2 scrolls of identify.
  1530 | D:1      | 1530 ||| IDENTIFYING amethyst potion
  1531 | D:1      | 1531 ||| DROPPING scroll of blinking.
  1662 | D:2      | 1662 ||| Stepping ~*~*~tactically~*~*~ (stealth).
  1663 | D:2      | 1663 ||| Stepping ~*~*~tactically~*~*~ (stealth).
  1958 | D:2      | 1958 ||| FLEEEEING.
  1959 | D:2      | 1959 ||| FLEEEEING.
  2271 | D:2      | Reached XP level 4. HP: 26/26 MP: 8/8
  2482 | D:2      | 2482 ||| UPGRADING to +0 ring mail.
  2492 | D:2      | 2492 ||| DROPPING +0 leather armour.
  2493 | D:2      | 2493 ||| READING scroll labelled GOTTENEORY.
  2493 | D:2      | Identified a scroll of acquirement
  2493 | D:2      | 2493 ||| ACQUIRING amulet "Jyrytrom" {Reflect rF+ SH+5}
  2493 | D:2      | Acquired the amulet "Jyrytrom" {Reflect rF+ SH+5}
  2495 | D:2      | 2495 ||| UPGRADING to amulet "Jyrytrom" {Reflect rF+ SH+5}.
  2500 | D:2      | 2500 ||| DRINKING 2 sedimented blue potions.
  2501 | D:2      | 2501 ||| READING 2 scrolls of identify.
  2501 | D:2      | 2501 ||| IDENTIFYING bubbling ruby potion
  2502 | D:2      | 2502 ||| DROPPING potion of degeneration.
  2518 | D:3      | 2518 ||| Stepping ~*~*~tactically~*~*~ (stealth).
  2520 | D:3      | Noticed Ijyb
  2531 | D:3      | HP: 2/26 [gnoll/+0 spear (7)]
  2532 | D:3      | Mangled by a gnoll

Levels and vault maps discovered:
D:1:      lightli_arrival_statue_moat, layout_rooms,
          shapermc_ecumenical_altar_mp_highgroup, minivault_24
D:2:      layout_basic
D:3:      layout_rooms, led_xom_imps, uniq_ijyb

Skill      XL: |  1  2  3 |
---------------+----------+-----
Axes           | 3 4 |  4.9
Fighting       | |  2.0
Throwing       | |  1.0
Armour         | |  1.1
Dodging        | |  2.1
Spellcasting   | |  2.0
Translocations | |  2.4

Action                   |  1- 3 |  4- 6 || total
-------------------------+-------+-------++-------
Melee: Hand axe          |    95 |    16 ||   111
       Kick              |    21 |     5 ||    26
       Peck              |     8 |     1 ||     9
       Punch             |       |     1 ||     1
Throw: Boomerang         |     7 |       ||     7
  Use: Scroll            |     3 |     2 ||     5
       Potion            |       |     1 ||     1
Armor: Leather armour    |    22 |       ||    22
       Ring mail         |       |     8 ||     8
Dodge: Dodged            |    40 |    24 ||    64
Block: Other             |       |     5 ||     5

Table legend:
 A = Non-vault XP
 B = Vault XP
 C = Vault XP percentage of total XP
 D = Non-vault monster count
 E = Vault monster count
 F = Vault count percentage of total count
                 A         B        C        D         E       F
            +---------+---------+-------+---------+---------+-------
      Total |     106 |       0 |   0.0 |      49 |       0 |   0.0
            +---------+---------+-------+---------+---------+-------
        D:1 |      50 |       0 |   0.0 |      31 |       0 |   0.0
        D:2 |      33 |       0 |   0.0 |      11 |       0 |   0.0
        D:3 |      23 |       0 |   0.0 |       7 |       0 |   0.0
            +---------+---------+-------+---------+---------+-------
